Bruins vs Lightning

Created - March 13, 2016 at 11:17

Goals
1 2 3 T
Bruins 0 0 0 0
Lightning 1 2 0 3
Shots
1 2 3 T
Bruins 5 4 5 14
Lightning 13 8 9 30

1st period

1. Lightning , Radim Vrbata 33 (Henrik Sedin, Patric Hornqvist) at 8:57

Penalties :
Jake Muzzin (BOS) for Tripping (Minor) at 15:18

2nd period

2. Lightning , Erik Gudbranson 6 (John Gaudreau, Troy Brouwer) at 4:43 (PP)
3. Lightning , Patric Hornqvist 27 (Radim Vrbata, Henrik Sedin) at 7:27

Penalties :
P.K. Subban (BOS) for Interference (Minor) at 3:25, Troy Brouwer (TBL) for Hooking (Minor) at 12:57, P.K. Subban (BOS) for Slashing (Minor) at 12:57

3rd period

No Goal

Penalties :
P.K. Subban (BOS) for Hooking (Minor) at 0:37, Patrick Sharp (BOS) for Interference (Minor) at 16:51

Goalie Stats

Carey Price (BOS), 27 saves from 30 shots - (0.900), L, 36-18-4, 60:00 minutes
Jaroslav Halak (TBL), 14 saves from 14 shots - (1.000), W, 25-24-12, 60:00 minutes

Players Stats for Bruins

Player Name              G  A  P  +/- PIM S  H  SB GA TA FO     MP     PP MP  PK MP  
------------------------------------------------------------------------------------
Andrew Ladd              0  0  0  -1  0   1  6  1  0  0  1/1    19:32   0:00   0:00 
Brandon Pirri            0  0  0   0  0   0  0  0  0  0  1/1    11:18   0:00   1:22 
Brendan Gallagher        0  0  0  -1  0   0  0  0  0  0  0/2    19:42   0:00   0:00 
Carl Soderberg           0  0  0   0  0   1  1  0  0  0  0/0    15:13   0:00   4:37 
Corey Perry              0  0  0  -1  0   1  0  0  0  0  1/1    13:52   0:00   0:00 
David Warsofsky          0  0  0  -1  0   0  0  0  0  0  0/0    16:35   0:00   1:41 
Drew Doughty             0  0  0   0  0   1  0  0  0  0  0/0    21:29   0:00   2:26 
Jake Muzzin              0  0  0   0  2   0  3  2  0  0  0/0    21:43   0:00   3:29 
John Carlson             0  0  0  -1  0   0  2  4  0  0  0/0    23:08   0:00   3:09 
Marcus Johansson         0  0  0   0  0   0  0  0  0  0  0/0     8:54   0:00   0:09 
Melker Karlsson          0  0  0   0  0   0  0  0  0  0  0/5     7:26   0:00   0:00 
P.K. Subban              0  0  0  -1  6   0  2  1  0  0  0/0    21:08   0:00   2:23 
Patrice Bergeron         0  0  0  -1  0   4  1  0  0  0  11/24  18:58   0:00   5:06 
Patrick Sharp            0  0  0   0  2   0  1  0  0  0  6/13   12:05   0:00   1:30 
Ryan Spooner             0  0  0   0  0   1  0  0  0  0  0/0     7:26   0:00   0:00 
Tomas Plekanec           0  0  0  -1  0   3  0  1  0  0  12/25  21:18   0:00   1:46 
Torey Krug               0  0  0  -1  0   0  0  0  0  0  0/0    15:53   0:00   1:22 
Zach Parise              0  0  0  -1  0   2  2  0  0  0  2/4    15:01   0:00   0:00 

Players Stats for Lightning

Player Name              G  A  P  +/- PIM S  H  SB GA TA FO     MP     PP MP  PK MP  
------------------------------------------------------------------------------------
Andre Benoit             0  0  0   1  0   0  3  1  0  0  0/0    17:59   1:12   0:00 
Andrej Meszaros          0  0  0   0  0   1  4  0  0  0  0/0    18:40   2:32   0:00 
Andrej Sekera            0  0  0   0  0   0  0  0  0  0  0/0    20:30   3:51   0:00 
David Schlemko           0  0  0   1  0   1  0  1  0  0  0/0    16:47   0:00   0:00 
Erik Gudbranson          1  0  1   1  0   2  1  0  0  0  0/0    23:44   2:46   0:00 
Henrik Sedin             0  2  2   2  0   5  0  1  0  0  14/25  21:12   3:34   0:00 
Jeff Carter              0  0  0   0  0   4  1  0  0  0  17/28  20:22   3:41   0:00 
John Gaudreau            0  1  1   0  0   3  0  0  0  0  1/2    18:31   3:41   0:00 
Kevin Klein              0  0  0   1  0   0  3  1  0  0  0/0    22:20   4:09   0:00 
Maxime Talbot            0  0  0   0  0   0  2  0  0  0  0/0     6:56   0:00   0:00 
Nick Spaling             0  0  0   0  0   0  0  0  0  0  0/0     6:56   0:00   0:00 
Patric Hornqvist         1  1  2   2  0   5  1  0  0  0  0/0    23:07   3:34   0:00 
Radim Vrbata             1  1  2   2  0   5  0  0  0  0  1/2    21:16   3:34   0:00 
Teddy Purcell            0  0  0   0  0   0  0  0  0  0  0/0    11:26   0:00   0:00 
Tobias Rieder            0  0  0   0  0   0  0  0  0  0  0/1    11:26   0:00   0:00 
Travis Zajac             0  0  0   0  0   0  1  0  0  0  6/9    11:26   0:00   0:00 
Troy Brouwer             0  1  1   0  2   3  3  0  0  0  1/1    18:26   3:41   0:00 
Vernon Fiddler           0  0  0   0  0   1  0  0  0  0  2/8     6:56   0:00   0:00 

3 Stars

1 - Patric Hornqvist (TBL)
2 - Radim Vrbata (TBL)
3 - Jaroslav Halak (TBL)

Power Play

Bruins - 0 on 0 Attempt(s) - 0.00%
Lightning - 1 on 4 Attempt(s) - 25.00%

Penalty Kill

Bruins - 3 on 4 Attempt(s) - 75.00% - Score 0 goal in Penalty Kill
Lightning - 0 on 0 Attempt(s) - 0.00% - Score 0 goal in Penalty Kill

Team Stat

Bruins - Hits : 18 - Faceoff Wins : 34 - Blocked Shots : 9 - Penalty Minutes : 10
Lightning - Hits : 19 - Faceoff Wins : 42 - Blocked Shots : 4 - Penalty Minutes : 2

Official

Referees : Francois St. Laurent and Tom Chmielewski
Linesman : Ryan Galloway and Matt MacPherson

Game Notes

No Game Note

Finance

Level 1 -- Attendance: 5546 (85.32%) -- Ticket Income $610,060
Level 2 -- Attendance: 3375 (67.50%) -- Ticket Income $320,625
Level 3 -- Attendance: 1910 (54.57%) -- Ticket Income $143,250
Level 4 -- Attendance: 1956 (61.05%) -- Ticket Income $88,020
Luxury Box -- Attendance: 524 (52.40%) -- Ticket Income $188,640
Game was played at the Amalie Arena.
Total Attendance: 13311 (69.31%)
Total Ticket Income: $1,350,595
Other Income: $202,589
Total Income: $1,553,184

% Time on Ice - Bruins

Lines # - Real PCT - Wanted PCT - Time Play
Normal Forward
1 - 38% - 40% - 19:32
2 - 27% - 30% - 13:52
3 - 20% - 20% - 9:56
4 - 15% - 10% - 7:26
Normal Defense
1 - 34% - 40% - 17:20
2 - 36% - 30% - 18:15
3 - 27% - 20% - 13:43
4 - 3% - 10% - 1:28
PP Forward
1 - 0% - 60%
2 - 0% - 40%
PP Defense
1 - 0% - 60%
2 - 0% - 40%
PK Forward
1 - 76% - 60% - 5:29
2 - 24% - 40% - 1:46
PK Defense
1 - 66% - 60% - 4:49
2 - 34% - 40% - 2:26
PK3 Forward
1 - 0% - 60%
2 - 0% - 40%
PK3 Defense
1 - 0% - 60%
2 - 0% - 40%
44 Forward
1 - 66% - 60% - 1:19
2 - 34% - 40% - 0:40
44 Defense
1 - 40% - 60% - 0:48
2 - 60% - 40% - 1:11
Last Minute Offensive  - 0:00
Last Minute Defensive  - 0:00
Total
Forward - 60:00
Defense - 60:00

% Time on Ice - Lightning

Lines # - Real PCT - Wanted PCT - Time Play
Normal Forward
1 - 35% - 40% - 17:38
2 - 29% - 30% - 14:46
3 - 23% - 20% - 11:26
4 - 14% - 10% - 6:56
Normal Defense
1 - 35% - 40% - 17:36
2 - 28% - 30% - 14:07
3 - 33% - 20% - 16:47
4 - 4% - 10% - 2:16
PP Forward
1 - 49% - 60% - 3:34
2 - 51% - 40% - 3:41
PP Defense
1 - 62% - 60% - 4:29
2 - 38% - 40% - 2:46
PK Forward
1 - 0% - 60%
2 - 0% - 40%
PK Defense
1 - 0% - 60%
2 - 0% - 40%
PK3 Forward
1 - 0% - 60%
2 - 0% - 40%
PK3 Defense
1 - 0% - 60%
2 - 0% - 40%
44 Forward
1 - 97% - 60% - 1:55
2 - 3% - 40% - 0:04
44 Defense
1 - 29% - 60% - 0:35
2 - 71% - 40% - 1:24
Last Minute Offensive  - 0:00
Last Minute Defensive  - 0:00
Total
Forward - 60:00
Defense - 60:00

Play by Play

1st period


0:01 of 1st period - Tomas Plekanec wins face-off versus Henrik Sedin in neutral zone.
0:05 of 1st period - Icing by Kevin Klein.
0:06 of 1st period - Henrik Sedin wins face-off versus Patrice Bergeron in Lightning zone.
0:11 of 1st period - Shot by Radim Vrbata.
0:11 of 1st period - Stopped by Carey Price without a rebound.
0:12 of 1st period - Patrick Sharp wins face-off versus Jeff Carter in Bruins zone.
0:23 of 1st period - Shot by Patrick Sharp.
0:23 of 1st period - Shot Misses the Net.
0:43 of 1st period - Icing by Andrej Meszaros.
0:44 of 1st period - Jeff Carter wins face-off versus Tomas Plekanec in Lightning zone.
0:50 of 1st period - Andrej Meszaros is hit by Andrew Ladd and loses puck.
0:55 of 1st period - Shot by Jeff Carter.
0:55 of 1st period - Stopped by Carey Price without a rebound.
0:56 of 1st period - Travis Zajac wins face-off versus Patrice Bergeron in Bruins zone.
1:53 of 1st period - Icing by Jake Muzzin.
1:54 of 1st period - Zach Parise wins face-off versus Henrik Sedin in Bruins zone.
2:16 of 1st period - Erik Gudbranson is hit by Andrew Ladd and loses puck.
2:26 of 1st period - Tomas Plekanec is hit by Kevin Klein and loses puck.
2:31 of 1st period - Shot by Brendan Gallagher.
2:31 of 1st period - Shot Misses the Net.
2:33 of 1st period - Shot by John Carlson.
2:33 of 1st period - Shot Blocked by Kevin Klein.
2:50 of 1st period - Icing by P.K. Subban.
2:51 of 1st period - Tomas Plekanec wins face-off versus Vernon Fiddler in Bruins zone.
3:32 of 1st period - Icing by Ryan Spooner.
3:33 of 1st period - Jeff Carter wins face-off versus Melker Karlsson in Bruins zone.
3:37 of 1st period - Icing by Torey Krug.
3:38 of 1st period - Jeff Carter wins face-off versus Melker Karlsson in Bruins zone.
4:02 of 1st period - Icing by David Warsofsky.
4:03 of 1st period - Henrik Sedin wins face-off versus Melker Karlsson in Bruins zone.
4:32 of 1st period - Shot by Patric Hornqvist.
4:32 of 1st period - Stopped by Carey Price without a rebound.
4:33 of 1st period - Jeff Carter wins face-off versus Tomas Plekanec in Bruins zone.
4:34 of 1st period - Shot by Troy Brouwer.
4:34 of 1st period - Stopped by Carey Price without a rebound.
4:35 of 1st period - Jeff Carter wins face-off versus Brendan Gallagher in Bruins zone.
4:48 of 1st period - Shot by Tomas Plekanec.
4:48 of 1st period - Stopped by Jaroslav Halak without a rebound.
4:49 of 1st period - Henrik Sedin wins face-off versus Patrick Sharp in Lightning zone.
4:49 of 1st period - Henrik Sedin is hit by Patrick Sharp.
5:01 of 1st period - Shot by Patric Hornqvist.
5:01 of 1st period - Stopped by Carey Price without a rebound.
5:02 of 1st period - Tomas Plekanec wins face-off versus Travis Zajac in Bruins zone.
5:29 of 1st period - Shot by Tomas Plekanec.
5:29 of 1st period - Stopped by Jaroslav Halak without a rebound.
5:30 of 1st period - Patrice Bergeron wins face-off versus Henrik Sedin in Lightning zone.
5:36 of 1st period - Patrice Bergeron is hit by Andre Benoit and loses puck.
5:41 of 1st period - Shot by Zach Parise.
5:41 of 1st period - Shot Misses the Net.
5:53 of 1st period - Shot by Patrice Bergeron.
5:53 of 1st period - Stopped by Jaroslav Halak with a rebound.
5:59 of 1st period - Shot by Patrice Bergeron.
5:59 of 1st period - Shot Misses the Net.
6:01 of 1st period - Shot by Drew Doughty.
6:01 of 1st period - Shot Misses the Net.
6:03 of 1st period - Shot by Jake Muzzin.
6:03 of 1st period - Shot Blocked by Andre Benoit.
6:05 of 1st period - Shot by Jake Muzzin.
6:05 of 1st period - Shot Blocked by Henrik Sedin.
6:52 of 1st period - Icing by John Gaudreau.
6:53 of 1st period - Tomas Plekanec wins face-off versus Jeff Carter in Lightning zone.
6:56 of 1st period - Shot by Tomas Plekanec.
6:56 of 1st period - Shot Misses the Net.
7:07 of 1st period - Icing by Troy Brouwer.
7:08 of 1st period - Troy Brouwer wins face-off versus Patrick Sharp in Lightning zone.
7:17 of 1st period - Shot by John Gaudreau.
7:17 of 1st period - Shot Blocked by John Carlson.
7:19 of 1st period - Shot by Kevin Klein.
7:19 of 1st period - Shot Misses the Net.
8:57 of 1st period - Shot by Radim Vrbata.
8:57 of 1st period - Goal by Radim Vrbata - Bruins : 0 - Lightning : 1.
8:58 of 1st period - Patrice Bergeron wins face-off versus Vernon Fiddler in neutral zone.
9:07 of 1st period - Nick Spaling is hit by Zach Parise and loses puck.
9:21 of 1st period - Shot by Patrice Bergeron.
9:21 of 1st period - Stopped by Jaroslav Halak without a rebound.
9:22 of 1st period - Jeff Carter wins face-off versus Patrick Sharp in Lightning zone.
9:27 of 1st period - Shot by Jeff Carter.
9:27 of 1st period - Shot Misses the Net.
9:29 of 1st period - Shot by Jeff Carter.
9:29 of 1st period - Stopped by Carey Price without a rebound.
9:30 of 1st period - Henrik Sedin wins face-off versus Patrick Sharp in Bruins zone.
9:35 of 1st period - Shot by Patric Hornqvist.
9:35 of 1st period - Shot Blocked by P.K. Subban.
9:37 of 1st period - Shot by Andrej Meszaros.
9:37 of 1st period - Shot Misses the Net.
9:39 of 1st period - Shot by Henrik Sedin.
9:39 of 1st period - Stopped by Carey Price without a rebound.
9:40 of 1st period - Patrice Bergeron wins face-off versus Jeff Carter in Bruins zone.
9:40 of 1st period - Patrice Bergeron is hit by Troy Brouwer.
9:45 of 1st period - P.K. Subban is hit by Kevin Klein and loses puck.
9:53 of 1st period - Icing by Erik Gudbranson.
9:54 of 1st period - Andrew Ladd wins face-off versus Jeff Carter in Lightning zone.
10:10 of 1st period - Shot by Andrew Ladd.
10:10 of 1st period - Stopped by Jaroslav Halak without a rebound.
10:11 of 1st period - Patrick Sharp wins face-off versus Henrik Sedin in Lightning zone.
10:31 of 1st period - Off-side.
10:32 of 1st period - Vernon Fiddler wins face-off versus Tomas Plekanec in neutral zone.
10:43 of 1st period - Tomas Plekanec is hit by Maxime Talbot and loses puck.
10:53 of 1st period - Tomas Plekanec is hit by Kevin Klein and loses puck.
11:38 of 1st period - Icing by Patric Hornqvist.
11:39 of 1st period - Corey Perry wins face-off versus Henrik Sedin in Lightning zone.
11:39 of 1st period - P.K. Subban is hit by Andrej Meszaros and loses puck.
11:46 of 1st period - Shot by Radim Vrbata.
11:46 of 1st period - Stopped by Carey Price without a rebound.
11:47 of 1st period - Jeff Carter wins face-off versus Patrick Sharp in Bruins zone.
11:48 of 1st period - Shot by John Gaudreau.
11:48 of 1st period - Stopped by Carey Price with a rebound.
12:16 of 1st period - Shot by John Gaudreau.
12:16 of 1st period - Shot Blocked by John Carlson.
12:22 of 1st period - Shot by John Gaudreau.
12:22 of 1st period - Shot Misses the Net.
12:48 of 1st period - Shot by Patric Hornqvist.
12:48 of 1st period - Shot Misses the Net.
13:36 of 1st period - Patric Hornqvist is hit by Andrew Ladd and loses puck.
15:13 of 1st period - Shot by Tobias Rieder.
15:13 of 1st period - Shot Misses the Net.
15:18 of 1st period - Minor Penalty to Jake Muzzin for Tripping.
15:19 of 1st period - Jeff Carter wins face-off versus Patrice Bergeron in Bruins zone.
15:24 of 1st period - Shot by John Gaudreau.
15:24 of 1st period - Shot Misses the Net.
15:31 of 1st period - Icing by Kevin Klein.
15:32 of 1st period - Jeff Carter wins face-off versus Patrice Bergeron in Lightning zone.
15:56 of 1st period - Shot by Troy Brouwer.
15:56 of 1st period - Stopped by Carey Price without a rebound.
15:57 of 1st period - Jeff Carter wins face-off versus Patrice Bergeron in Bruins zone.
16:10 of 1st period - Shot by Jeff Carter.
16:10 of 1st period - Deflect By John Gaudreau.
16:10 of 1st period - Stopped by Carey Price without a rebound.
16:11 of 1st period - Tomas Plekanec wins face-off versus Jeff Carter in Bruins zone.
17:31 of 1st period - Shot by Teddy Purcell.
17:31 of 1st period - Shot Blocked by Tomas Plekanec.
18:45 of 1st period - Icing by Torey Krug.
18:46 of 1st period - Henrik Sedin wins face-off versus Melker Karlsson in Bruins zone.
18:55 of 1st period - Shot by Henrik Sedin.
18:55 of 1st period - Stopped by Carey Price with a rebound.
19:39 of 1st period - Shot by Patrice Bergeron.
19:39 of 1st period - Shot Misses the Net.
Goals for this period are 0 for Bruins vs 1 for Lightning.
Shots for this period are 5 for Bruins vs 13 for Lightning.

2nd period


0:01 of 2nd period - Jeff Carter wins face-off versus Tomas Plekanec in neutral zone.
0:03 of 2nd period - Kevin Klein is hit by John Carlson and loses puck.
0:21 of 2nd period - Jeff Carter is hit by P.K. Subban and loses puck.
1:33 of 2nd period - Shot by Patric Hornqvist.
1:33 of 2nd period - Deflect By Henrik Sedin.
1:33 of 2nd period - Stopped by Carey Price with a rebound.
1:57 of 2nd period - Shot by Carl Soderberg.
1:57 of 2nd period - Shot Misses the Net.
2:03 of 2nd period - Shot by Carl Soderberg.
2:03 of 2nd period - Stopped by Jaroslav Halak without a rebound.
2:04 of 2nd period - Travis Zajac wins face-off versus Melker Karlsson in Lightning zone.
2:58 of 2nd period - Off-side.
2:59 of 2nd period - Tomas Plekanec wins face-off versus Jeff Carter in neutral zone.
3:25 of 2nd period - Minor Penalty to P.K. Subban for Interference.
3:26 of 2nd period - Patrice Bergeron wins face-off versus Henrik Sedin in Bruins zone.
3:43 of 2nd period - Shot by Patric Hornqvist.
3:43 of 2nd period - Shot Misses the Net.
4:39 of 2nd period - Shot by Troy Brouwer.
4:39 of 2nd period - Shot Blocked by John Carlson.
4:41 of 2nd period - Shot by John Gaudreau.
4:41 of 2nd period - Shot Misses the Net.
4:43 of 2nd period - Shot by Erik Gudbranson.
4:43 of 2nd period - Goal by Erik Gudbranson - Bruins : 0 - Lightning : 2.
4:44 of 2nd period - Travis Zajac wins face-off versus Tomas Plekanec in neutral zone.
5:28 of 2nd period - Andrew Ladd is hit by Travis Zajac and loses puck.
5:55 of 2nd period - Drew Doughty is hit by Jeff Carter and loses puck.
6:12 of 2nd period - Shot by Troy Brouwer.
6:12 of 2nd period - Stopped by Carey Price with a rebound.
6:44 of 2nd period - Shot by Radim Vrbata.
6:44 of 2nd period - Stopped by Carey Price without a rebound.
6:45 of 2nd period - Vernon Fiddler wins face-off versus Patrice Bergeron in Bruins zone.
6:45 of 2nd period - Andrej Sekera is hit by P.K. Subban and loses puck.
6:54 of 2nd period - Shot by Andrej Meszaros.
6:54 of 2nd period - Stopped by Carey Price without a rebound.
6:55 of 2nd period - Brandon Pirri wins face-off versus Henrik Sedin in Bruins zone.
7:02 of 2nd period - Off-side.
7:03 of 2nd period - Henrik Sedin wins face-off versus Patrice Bergeron in neutral zone.
7:25 of 2nd period - Shot by Henrik Sedin.
7:25 of 2nd period - Shot Misses the Net.
7:27 of 2nd period - Shot by Radim Vrbata.
7:27 of 2nd period - Deflect By Patric Hornqvist.
7:27 of 2nd period - Goal by Patric Hornqvist - Bruins : 0 - Lightning : 3.
7:28 of 2nd period - Tomas Plekanec wins face-off versus Jeff Carter in neutral zone.
7:30 of 2nd period - Andrew Ladd is hit by Andrej Meszaros and loses puck.
7:46 of 2nd period - Jeff Carter is hit by Jake Muzzin and loses puck.
7:57 of 2nd period - Off-side.
7:58 of 2nd period - Patrice Bergeron wins face-off versus Radim Vrbata in neutral zone.
8:04 of 2nd period - Patrice Bergeron is hit by Erik Gudbranson and loses puck.
8:17 of 2nd period - Shot by Corey Perry.
8:17 of 2nd period - Stopped by Jaroslav Halak without a rebound.
8:18 of 2nd period - Patrick Sharp wins face-off versus Tobias Rieder in Lightning zone.
8:26 of 2nd period - Off-side.
8:27 of 2nd period - Tomas Plekanec wins face-off versus Henrik Sedin in neutral zone.
8:27 of 2nd period - John Carlson is hit by Patric Hornqvist and loses puck.
8:34 of 2nd period - Shot by Tomas Plekanec.
8:34 of 2nd period - Stopped by Jaroslav Halak with a rebound.
8:42 of 2nd period - Shot by Patric Hornqvist.
8:42 of 2nd period - Shot Hit the Post.
9:03 of 2nd period - Icing by Kevin Klein.
9:04 of 2nd period - Patrice Bergeron wins face-off versus Henrik Sedin in Lightning zone.
9:28 of 2nd period - Icing by Drew Doughty.
9:29 of 2nd period - Jeff Carter wins face-off versus Patrice Bergeron in Bruins zone.
9:30 of 2nd period - Shot by John Gaudreau.
9:30 of 2nd period - Shot Misses the Net.
10:24 of 2nd period - Shot by David Schlemko.
10:24 of 2nd period - Stopped by Carey Price without a rebound.
10:25 of 2nd period - Tomas Plekanec wins face-off versus Vernon Fiddler in Bruins zone.
11:17 of 2nd period - Icing by Nick Spaling.
11:18 of 2nd period - Patrick Sharp wins face-off versus Vernon Fiddler in Lightning zone.
12:35 of 2nd period - Radim Vrbata is hit by Zach Parise and loses puck.
12:54 of 2nd period - Shot by Henrik Sedin.
12:54 of 2nd period - Stopped by Carey Price without a rebound.
12:55 of 2nd period - Jeff Carter wins face-off versus Tomas Plekanec in Bruins zone.
12:57 of 2nd period - Minor Penalty to Troy Brouwer for Hooking.
12:57 of 2nd period - Minor Penalty to P.K. Subban for Slashing.
12:58 of 2nd period - Zach Parise wins face-off versus Jeff Carter in Bruins zone.
13:28 of 2nd period - Off-side.
13:29 of 2nd period - Jeff Carter wins face-off versus Zach Parise in neutral zone.
13:34 of 2nd period - Shot by Jeff Carter.
13:34 of 2nd period - Shot Misses the Net.
13:58 of 2nd period - Shot by Marcus Johansson.
13:58 of 2nd period - Shot Misses the Net.
14:52 of 2nd period - Off-side.
14:53 of 2nd period - John Gaudreau wins face-off versus Zach Parise in neutral zone.
15:15 of 2nd period - Icing by Drew Doughty.
15:16 of 2nd period - Tomas Plekanec wins face-off versus Vernon Fiddler in Bruins zone.
15:51 of 2nd period - Drew Doughty is hit by Maxime Talbot and loses puck.
16:14 of 2nd period - Shot by Teddy Purcell.
16:14 of 2nd period - Shot Misses the Net.
16:16 of 2nd period - Shot by Tobias Rieder.
16:16 of 2nd period - Shot Misses the Net.
17:20 of 2nd period - P.K. Subban is hit by Troy Brouwer and loses puck.
17:32 of 2nd period - Patrice Bergeron is hit by Andrej Meszaros and loses puck.
18:40 of 2nd period - Torey Krug is hit by Andre Benoit and loses puck.
19:11 of 2nd period - Shot by Ryan Spooner.
19:11 of 2nd period - Stopped by Jaroslav Halak without a rebound.
19:12 of 2nd period - Travis Zajac wins face-off versus Tomas Plekanec in Lightning zone.
19:51 of 2nd period - Shot by Tobias Rieder.
19:51 of 2nd period - Shot Misses the Net.
Goals for this period are 0 for Bruins vs 2 for Lightning.
Shots for this period are 4 for Bruins vs 8 for Lightning.

3rd period


0:01 of 3rd period - Henrik Sedin wins face-off versus Brendan Gallagher in neutral zone.
0:01 of 3rd period - Henrik Sedin is hit by Andrew Ladd.
0:37 of 3rd period - Minor Penalty to P.K. Subban for Hooking.
0:38 of 3rd period - Patrice Bergeron wins face-off versus Jeff Carter in Bruins zone.
2:29 of 3rd period - Off-side.
2:30 of 3rd period - Henrik Sedin wins face-off versus Tomas Plekanec in neutral zone.
2:40 of 3rd period - Icing by Teddy Purcell.
2:41 of 3rd period - Travis Zajac wins face-off versus Tomas Plekanec in Lightning zone.
2:41 of 3rd period - Travis Zajac is hit by Andrew Ladd.
4:10 of 3rd period - Shot by Radim Vrbata.
4:10 of 3rd period - Shot Misses the Net.
4:12 of 3rd period - Shot by Radim Vrbata.
4:12 of 3rd period - Shot Misses the Net.
4:24 of 3rd period - Shot by Patric Hornqvist.
4:24 of 3rd period - Deflect By Radim Vrbata.
4:24 of 3rd period - Stopped by Carey Price without a rebound.
4:25 of 3rd period - Patrice Bergeron wins face-off versus Jeff Carter in Bruins zone.
4:34 of 3rd period - Shot by Patrice Bergeron.
4:34 of 3rd period - Deflect By Zach Parise.
4:34 of 3rd period - Shot Misses the Net.
4:36 of 3rd period - Shot by Drew Doughty.
4:36 of 3rd period - Stopped by Jaroslav Halak with a rebound.
4:44 of 3rd period - Shot by Zach Parise.
4:44 of 3rd period - Stopped by Jaroslav Halak without a rebound.
4:45 of 3rd period - Tomas Plekanec wins face-off versus Vernon Fiddler in Lightning zone.
5:15 of 3rd period - Andrew Ladd is hit by Andrej Meszaros and loses puck.
5:18 of 3rd period - Shot by Andrew Ladd.
5:18 of 3rd period - Shot Misses the Net.
5:25 of 3rd period - Vernon Fiddler is hit by Andrew Ladd and loses puck.
6:03 of 3rd period - Shot by Zach Parise.
6:03 of 3rd period - Deflect By Patrice Bergeron.
6:03 of 3rd period - Shot Misses the Net.
6:11 of 3rd period - Shot by Henrik Sedin.
6:11 of 3rd period - Stopped by Carey Price without a rebound.
6:12 of 3rd period - Patrick Sharp wins face-off versus Jeff Carter in Bruins zone.
6:16 of 3rd period - Off-side.
6:17 of 3rd period - Patrick Sharp wins face-off versus John Gaudreau in neutral zone.
6:17 of 3rd period - Patrick Sharp is hit by Troy Brouwer.
7:22 of 3rd period - Icing by Andre Benoit.
7:23 of 3rd period - Radim Vrbata wins face-off versus Patrice Bergeron in Lightning zone.
7:33 of 3rd period - Shot by Patrice Bergeron.
7:33 of 3rd period - Stopped by Jaroslav Halak without a rebound.
7:34 of 3rd period - Travis Zajac wins face-off versus Tomas Plekanec in Lightning zone.
7:36 of 3rd period - Icing by Teddy Purcell.
7:37 of 3rd period - Patrice Bergeron wins face-off versus Travis Zajac in Lightning zone.
7:42 of 3rd period - Shot by Zach Parise.
7:42 of 3rd period - Stopped by Jaroslav Halak without a rebound.
7:43 of 3rd period - Henrik Sedin wins face-off versus Tomas Plekanec in Lightning zone.
8:09 of 3rd period - Shot by Patric Hornqvist.
8:09 of 3rd period - Stopped by Carey Price without a rebound.
8:10 of 3rd period - Jeff Carter wins face-off versus Patrice Bergeron in Bruins zone.
8:12 of 3rd period - John Gaudreau is hit by Jake Muzzin and loses puck.
8:29 of 3rd period - Shot by John Gaudreau.
8:29 of 3rd period - Shot Blocked by Jake Muzzin.
8:34 of 3rd period - John Gaudreau is hit by Jake Muzzin and loses puck.
8:47 of 3rd period - Shot by John Gaudreau.
8:47 of 3rd period - Shot Blocked by Jake Muzzin.
8:53 of 3rd period - Shot by Jeff Carter.
8:53 of 3rd period - Stopped by Carey Price without a rebound.
8:54 of 3rd period - Henrik Sedin wins face-off versus Tomas Plekanec in Bruins zone.
8:57 of 3rd period - Shot by Patric Hornqvist.
8:57 of 3rd period - Stopped by Carey Price without a rebound.
8:58 of 3rd period - Henrik Sedin wins face-off versus Tomas Plekanec in Bruins zone.
9:26 of 3rd period - Shot by Radim Vrbata.
9:26 of 3rd period - Shot Blocked by John Carlson.
9:30 of 3rd period - Shot by Patric Hornqvist.
9:30 of 3rd period - Shot Blocked by Andrew Ladd.
9:52 of 3rd period - Shot by Jeff Carter.
9:52 of 3rd period - Stopped by Carey Price with a rebound.
10:20 of 3rd period - Shot by John Gaudreau.
10:20 of 3rd period - Stopped by Carey Price with a rebound.
10:47 of 3rd period - Patrice Bergeron is hit by Andre Benoit and loses puck.
11:20 of 3rd period - Shot by Brandon Pirri.
11:20 of 3rd period - Shot Misses the Net.
11:22 of 3rd period - Shot by Brandon Pirri.
11:22 of 3rd period - Shot Blocked by David Schlemko.
11:24 of 3rd period - Shot by David Warsofsky.
11:24 of 3rd period - Shot Misses the Net.
11:26 of 3rd period - Shot by Torey Krug.
11:26 of 3rd period - Shot Misses the Net.
13:56 of 3rd period - Shot by Maxime Talbot.
13:56 of 3rd period - Deflect By Vernon Fiddler.
13:56 of 3rd period - Stopped by Carey Price without a rebound.
13:57 of 3rd period - Henrik Sedin wins face-off versus Patrick Sharp in Bruins zone.
14:37 of 3rd period - Off-side.
14:38 of 3rd period - Tomas Plekanec wins face-off versus Travis Zajac in neutral zone.
15:51 of 3rd period - Icing by Jeff Carter.
15:52 of 3rd period - Jeff Carter wins face-off versus Patrick Sharp in Lightning zone.
15:52 of 3rd period - John Gaudreau is hit by Carl Soderberg and loses puck.
16:04 of 3rd period - John Gaudreau is hit by John Carlson and loses puck.
16:51 of 3rd period - Minor Penalty to Patrick Sharp for Interference.
16:52 of 3rd period - Henrik Sedin wins face-off versus Patrice Bergeron in Bruins zone.
17:00 of 3rd period - Icing by Henrik Sedin.
17:01 of 3rd period - Patrice Bergeron wins face-off versus Henrik Sedin in Lightning zone.
17:06 of 3rd period - Shot by Patrice Bergeron.
17:06 of 3rd period - Stopped by Jaroslav Halak without a rebound.
17:07 of 3rd period - Jeff Carter wins face-off versus Patrice Bergeron in Lightning zone.
17:24 of 3rd period - Shot by Erik Gudbranson.
17:24 of 3rd period - Stopped by Carey Price without a rebound.
17:25 of 3rd period - Patrice Bergeron wins face-off versus Henrik Sedin in Bruins zone.
17:31 of 3rd period - Icing by Patric Hornqvist.
17:32 of 3rd period - Henrik Sedin wins face-off versus Patrice Bergeron in Lightning zone.
17:32 of 3rd period - Henrik Sedin is hit by Patrice Bergeron.
Goals for this period are 0 for Bruins vs 0 for Lightning.
Shots for this period are 5 for Bruins vs 9 for Lightning.